Map: Eastwatch LE

Players

Zavoky

  • Race: Zerg Zerg
  • League: Diamond
  • Spawn Location: 1:00

Ambition - Winner!

  • Race: Terran Terran
  • League: Master
  • Spawn Location: 7:00

VOD

Have the link to the VOD?

Description

Time

  • Played on: April 28, 2018, 4:44 p.m.
  • Length: 14:58
Show
View Real Time Build Order
Export as new Build Order

Zavoky Zerg 

Build Orders: Pool First 

Get SALT Encoding   

  12  0:01  Drone  
  13  0:15  Extractor  
  12  0:25  Spawning Pool  
  11  0:29  Drone  
  11  0:33  Drone  
  13  0:39  Drone  
  14  0:51  Overlord  
  14  1:12  Zergling x4  
  14  1:13  Zergling x2  
  14  1:16  Metabolic Boost  
  17  1:23  Drone  
  18  1:33  Drone  
  19  1:44  Drone  
  20  1:51  Hatchery  
  19  1:57  Overlord  
  19  2:08  Drone  
  20  2:17  Drone  
  20  2:28  Queen  
  22  2:43  Drone x2  
  23  2:59  Overlord  
  23  3:04  Queen  
  25  3:09  Drone x2  
  27  3:14  Drone, Queen  
  30  3:20  Drone  
  30  3:23  Drone  
  32  3:27  Hatchery  
  31  3:37  Drone  
  31  3:38  Drone x2  
  34  3:43  Drone x3  
  37  3:48  Extractor, Drone  
  37  3:49  Drone  
  38  3:57  Drone x2  
  40  4:13  Zergling x2  
  40  4:14  Zergling x8  
  40  4:15  Roach Warren  
  43  4:24  Drone  
  43  4:27  Overlord  
  43  4:28  Overlord x2, Extractor  
  43  4:50  Drone x4  
  43  4:51  Drone x3  
  50  5:08  Roach x7  
  59  5:41  Zergling x2  
  59  5:42  Zergling x10  
  65  5:46  Overlord x4  
  65  6:04  Drone x3  
  65  6:07  Lair  
  65  6:10  Overlord x4  
  68  6:19  Ravager x7  
  74  6:43  Spore Crawler  
  74  6:45  Spore Crawler  
  69  6:57  Zergling x2  
  69  6:58  Zergling x24  
  81  7:07  Drone x6  
  64  7:43  Roach  
  64  7:44  Roach x9  
  64  7:50  Drone x2  
  78  8:01  Roach  
  78  8:02  Roach x2  
  66  8:15  Drone x6  
  66  8:16  Drone  
  73  8:21  Spore Crawler  
  72  8:32  Overlord  
  72  8:35  Pneumatized Carapace  
  72  8:41  Drone  
  72  8:42  Drone x5  
  72  8:47  Overseer  
  78  8:52  Zergling x6  
  78  8:53  Zergling x2  
  82  9:00  Spire  
  81  9:14  Overseer  
  81  9:23  Ravager  
  81  9:24  Ravager x10  
  90  9:59  Roach  
  87  10:00  Roach x10  
  106  10:22  Corruptor  
  106  10:23  Corruptor  
  72  10:54  Queen x3  
  72  10:55  Corruptor  
  72  10:56  Corruptor  
  78  11:16  Extractor  
  77  11:33  Corruptor x3  
  77  11:36  Zergling x12  
  89  11:53  Zergling x6  
  92  12:09  Ravager  
  93  12:32  Drone x4  
  93  12:33  Drone x5  
  102  12:43  Zergling x6  
  102  12:44  Zergling x12  
  111  12:54  Hatchery  
  110  13:13  Extractor  
  109  13:20  Zergling x2  
  109  13:21  Zergling x16, Baneling Nest  
  118  13:56  Ravager x10  
  67  14:25  Zergling x2  
  67  14:26  Zergling x34  
Show
View Real Time Build Order
Export as new Build Order

Ambition Terran - Winner!

Build Orders: Reaper Expand, Hellion Banshee 

Get SALT Encoding   

  12  0:01  SCV  
  13  0:13  SCV  
  14  0:17  Supply Depot  
  14  0:25  SCV  
  15  0:39  SCV, Barracks  
  16  0:45  Refinery  
  16  0:51  SCV  
  17  1:03  SCV  
  18  1:16  SCV  
  19  1:28  Reaper  
  19  1:29  Orbital Command  
  20  1:43  Command Center  
  20  1:52  Supply Depot  
  20  1:55  SCV  
  20  2:01  Barracks Reactor  
  21  2:05  Refinery  
  21  2:07  SCV  
  22  2:22  SCV  
  23  2:27  Factory  
  23  2:34  SCV  
  23  2:35  Bunker  
  24  2:40  Marine  
  24  2:41  Marine  
  26  2:47  SCV  
  25  2:58  Marine x2, Barracks  
  25  3:00  SCV  
  28  3:10  Orbital Command  
  28  3:24  Starport  
  28  3:27  Barracks Tech Lab  
  28  3:29  Hellion  
  28  3:30  Hellion  
  31  3:34  SCV  
  31  3:36  SCV  
  31  3:40  Supply Depot  
  33  3:51  Supply Depot, SCV x2  
  35  3:59  Bunker  
  35  4:00  Hellion x2  
  39  4:04  SCV x2  
  41  4:16  Viking, Cloaking Field  
  43  4:18  SCV  
  43  4:20  SCV  
  45  4:30  SCV  
  45  4:31  Hellion x2  
  50  4:32  Barracks Tech Lab  
  50  4:33  SCV  
  51  4:39  Supply Depot  
  51  4:42  SCV  
  52  4:45  SCV  
  53  4:54  SCV  
  53  4:55  Banshee  
  53  4:58  SCV  
  58  5:06  SCV  
  59  5:10  Command Center, SCV  
  60  5:24  Hellion x2  
  60  5:25  SCV x2  
  62  5:35  Marine  
  59  5:37  SCV x2  
  59  5:40  Refinery x2  
  61  5:44  Engineering Bay  
  61  5:46  Engineering Bay  
  61  5:48  Banshee, Hellion x2  
  61  5:49  SCV x2  
  70  5:59  Supply Depot  
  70  6:04  Supply Depot  
  70  6:21  SCV, Hellion x2  
  70  6:24  SCV  
  76  6:31  Banshee  
  75  6:33  SCV  
  72  6:43  Marine  
  72  6:44  Cyclone x2  
  72  6:45  SCV x2  
  81  6:50  Barracks  
  81  6:51  Terran Infantry Weapons Level 1, Terran Infantry Armor Level 1, Barracks  
  81  6:52  Barracks  
  81  6:54  Barracks  
  81  6:57  SCV x2  
  83  7:08  Marine  
  84  7:12  Supply Depot  
  84  7:14  Banshee  
  87  7:19  SCV x2  
  85  7:28  Cyclone x2  
  84  7:31  SCV  
  84  7:36  Marine  
  66  7:47  Marine x3  
  66  7:48  Marine  
  66  7:50  SCV  
  54  7:59  Orbital Command  
  54  8:02  SCV  
  55  8:08  Banshee, Hellion x2  
  55  8:09  Marine, Combat Shields  
  55  8:11  Barracks Reactor x2  
  55  8:12  Barracks Reactor x2  
  60  8:15  SCV  
  60  8:18  Armory  
  61  8:27  SCV  
  62  8:29  Hellion  
  64  8:37  SCV  
  64  8:39  Planetary Fortress, SCV  
  66  8:49  SCV  
  66  8:51  SCV  
  66  8:54  Marine  
  69  9:16  Supply Depot  
  69  9:17  Supply Depot x2  
  69  9:23  Terran Infantry Weapons Level 2, Terran Infantry Armor Level 2  
  69  9:30  Supply Depot  
  69  9:31  Supply Depot  
  69  9:37  Marine x8  
  77  9:38  SCV x2  
  79  9:48  Marine  
  79  9:50  SCV x2  
  80  9:55  Marine  
  81  10:03  SCV  
  81  10:09  Marine x7  
  81  10:11  Siege Tank  
  81  10:13  Marine  
  88  10:21  Supply Depot  
  88  10:22  Supply Depot  
  88  10:23  Supply Depot  
  88  10:24  Supply Depot, Command Center  
  83  10:34  SCV  
  83  10:35  Marine x2  
  77  10:36  Marine, Starport Reactor  
  77  10:42  Orbital Command  
  60  10:46  SCV  
  59  10:53  SCV  
  60  10:58  SCV  
  61  11:05  SCV  
  61  11:11  SCV  
  63  11:12  SCV  
  63  11:13  Barracks  
  63  11:16  Barracks Tech Lab  
  63  11:17  SCV  
  65  11:23  SCV  
  66  11:29  Marine x6  
  66  11:31  SCV x2  
  74  11:35  SCV  
  74  11:37  Missile Turret  
  75  11:46  SCV  
  75  11:47  SCV  
  77  11:56  Unknown  
  77  11:57  Marine x4, Unknown  
  77  11:58  Marine x3  
  77  12:00  Stimpack  
  77  12:01  SCV x2  
  86  12:13  Siege Tank  
  86  12:15  Marine x3  
  90  12:16  SCV x3  
  95  12:22  Marine  
  95  12:23  Marine x3  
  97  12:36  SCV x3  
  97  12:37  Refinery  
  97  12:40  Refinery x3  
  97  12:44  Missile Turret  
  97  12:48  Orbital Command, SCV x3  
  100  12:55  Unknown  
  100  13:00  SCV x2  
  102  13:07  SCV  
  102  13:09  Missile Turret  
  102  13:12  SCV  
  104  13:26  Missile Turret  
  104  13:29  Missile Turret  
  104  13:30  Marine x7, Missile Turret  
  104  13:31  Medivac, Siege Tank  
  104  13:32  SCV x2  
  104  13:33  SCV  
  119  13:36  Unknown  
  116  13:43  Medivac  
  116  13:45  SCV  
  116  13:47  Marine  
  116  13:48  Marine x2  
  122  13:56  Marine x2  
  124  14:12  Supply Depot  
  124  14:14  Marine x2  
  124  14:16  Marine x3  
  124  14:17  Medivac, Supply Depot  
  124  14:18  Supply Depot  
  124  14:19  Supply Depot  
  108  14:26  Marine x2  
  108  14:30  SCV x2  
  108  14:31  SCV  
  113  14:32  Marine x2  
Tags
 
Add a new tag
Caveats
  • Supply blocks, unpowered buildings, or Contaminate may cause inaccurate times.
  • Supply counts are checked every 10 seconds.